Los Angeles Kings vs Colorado Rockies
Created - Monday, March 13, 2023 at 09:23
Goals
|
| Los Angeles Kings |
0 |
0 |
2 |
2 |
| Colorado Rockies |
1 |
0 |
0 |
1 |
|
Shots
|
| Los Angeles Kings |
5 |
9 |
13 |
27 |
| Colorado Rockies |
20 |
5 |
18 |
43 |
|
1st period
1. Colorado Rockies , Nikita Kucherov 1 (Evgeny Kuznetsov 1) at 7:38 (PP)
Penalties :
Evan Polei (LAK) for Hooking (Minor) at 7:30, Peyton Krebs (LAK) for Roughing (Minor) at 10:45
2nd period
No Goal
Penalties :
Roman Josi (COL) for Slashing (Minor) at 3:07, Tyler Gaudet (LAK) for Hooking (Minor) at 6:10, K'Andre Miller (LAK) for Interference (Minor) at 14:03
3rd period
2. Los Angeles Kings , Kirby Dach 1 (Andrei Svechnikov 1, Nicklas Backstrom 1) at 4:09
3. Los Angeles Kings , Seth Jarvis 1 (Alexander Radulov 1) at 16:25
Penalties :
Matt Tennyson (LAK) for Tripping (Minor) at 5:38, Alexander Radulov (LAK) for Slashing (Minor) at 13:59
Goalie Stats
John Gibson (LAK), 42 saves from 43 shots - (0.977), W, 1-0-0, 60:00 minutes
Andrei Vasilevskiy (COL), 25 saves from 27 shots - (0.926), L, 0-1-0, 59:17 minutes
Players Stats for Los Angeles Kings
Player Name G A P +/- PIM S H SB GA TA FO MP PP MP PK MP
------------------------------------------------------------------------------------
Alexander Radulov 0 1 1 1 2 3 2 0 0 0 0/1 14:51 1:04 0:00
Andrei Svechnikov 0 1 1 1 0 4 4 0 1 1 1/8 24:26 0:55 5:31
Cooper Marody 0 0 0 0 0 2 1 0 0 0 3/4 7:23 0:00 0:00
Dominik Kubalik 0 0 0 1 0 1 2 1 0 0 0/0 18:21 1:04 3:41
Erik Brannstrom 0 0 0 1 0 1 0 2 0 1 0/0 20:36 0:56 4:21
Evan Polei 0 0 0 0 2 0 1 0 0 0 0/0 3:50 0:00 0:00
Jakub Zboril 0 0 0 1 0 0 0 0 0 0 0/0 11:38 0:00 0:00
K'Andre Miller 0 0 0 0 2 1 3 3 0 0 0/0 26:47 1:03 4:36
Kirby Dach 1 0 1 1 0 2 2 1 0 1 0/2 17:37 0:55 2:54
Matt Tennyson 0 0 0 1 2 1 0 0 0 0 0/0 13:01 0:00 1:06
Mike Matheson 0 0 0 1 0 0 0 1 0 0 0/0 20:36 0:56 4:21
Nicklas Backstrom 0 1 1 1 0 5 2 0 0 0 7/20 20:45 0:55 5:51
Noah Dobson 0 0 0 0 0 4 4 2 0 2 0/0 27:46 1:03 5:42
Peyton Krebs 0 0 0 0 2 1 1 0 0 0 1/5 13:18 0:00 0:31
Ryan Reaves 0 0 0 0 0 0 2 0 1 0 0/1 14:37 0:00 1:38
Seth Jarvis 1 0 1 1 0 1 2 0 1 0 1/5 14:35 1:04 0:00
Tyler Gaudet 0 0 0 0 2 0 1 0 0 0 0/0 12:21 0:00 0:00
Vitaly Kravtsov 0 0 0 0 0 1 0 0 0 0 0/0 7:23 0:00 0:00
Players Stats for Colorado Rockies
Player Name G A P +/- PIM S H SB GA TA FO MP PP MP PK MP
------------------------------------------------------------------------------------
David Pastrnak 0 0 0 -1 0 5 3 0 2 0 0/0 17:32 5:19 0:00
Dylan Strome 0 0 0 0 0 0 0 1 0 0 1/1 9:37 0:00 0:00
Evgeny Kuznetsov 0 1 1 -1 0 2 2 0 0 0 10/15 18:49 4:44 0:00
Jakub Vrana 0 0 0 0 0 4 0 0 0 0 0/0 9:28 0:00 0:00
Jesper Bratt 0 0 0 -1 0 5 0 0 0 0 0/1 10:57 0:00 0:00
Kevin Hayes 0 0 0 -1 0 0 1 0 0 0 4/4 11:44 0:00 1:10
Kyle Connor 0 0 0 0 0 2 4 0 1 0 0/1 20:40 4:44 0:30
Martin Fehervary 0 0 0 -1 0 2 1 0 0 0 0/0 14:44 0:00 1:24
Nick Bonino 0 0 0 0 0 0 0 0 0 1 2/3 9:58 0:00 0:30
Nick Schmaltz 0 0 0 0 0 5 2 0 0 0 1/1 15:08 5:19 0:19
Nikita Kucherov 1 0 1 0 0 8 1 0 1 0 0/0 20:10 4:44 0:00
Quinn Hughes 0 0 0 0 0 1 2 2 0 0 0/0 19:03 4:38 0:35
Roman Josi 0 0 0 0 2 2 1 0 1 0 0/0 21:05 5:25 0:00
Ryan O'Reilly 0 0 0 0 0 4 0 0 0 2 15/19 19:57 5:19 1:10
Shea Theodore 0 0 0 -1 0 0 0 2 0 0 0/0 14:15 0:55 0:00
Tim Stutzle 0 0 0 -2 0 1 2 1 0 0 0/1 14:01 0:00 0:19
Victor Hedman 0 0 0 -1 0 2 3 0 0 0 0/0 26:42 4:30 1:24
Zach Werenski 0 0 0 -1 0 0 0 1 0 0 0/0 24:10 4:38 0:35
3 Stars
1 - John Gibson (LAK)
2 - Kirby Dach (LAK)
3 - Seth Jarvis (LAK)
Power Play
Los Angeles Kings - 0 on 1 Attempt(s) - 0.00%
Colorado Rockies - 1 on 6 Attempt(s) - 16.67%
Penalty Kill
Los Angeles Kings - 5 on 6 Attempt(s) - 83.33%
- Score 0 goal in Penalty Kill
Colorado Rockies - 1 on 1 Attempt(s) - 100.00%
- Score 0 goal in Penalty Kill
Team Stat
Los Angeles Kings - Hits : 27 - Faceoff Wins : 13 - Blocked Shots : 10 - Penalty Minutes : 12
Colorado Rockies - Hits : 22 - Faceoff Wins : 33 - Blocked Shots : 7 - Penalty Minutes : 2
Official
Referees : TJ Luxmore and Brad Meier
Linesman : Unknown
Game Notes
No Game Note
Finance
Level 1 -- Attendance: 6000 (100.00%) -- Ticket Income $540,000
Level 2 -- Attendance: 4716 (94.32%) -- Ticket Income $259,380
Level 3 -- Attendance: 2617 (87.23%) -- Ticket Income $91,595
Level 4 -- Attendance: 3704 (74.08%) -- Ticket Income $92,600
Luxury Box -- Attendance: 914 (91.40%) -- Ticket Income $159,950
Game was played at the Pepsi Center.
Total Attendance: 17951 (89.76%)
Total Ticket Income: $1,143,525
Other Income: $400,234
Total Income: $1,543,759
Los Angeles Kings
5 vs 5 Forward
Center Left Wing Right Wing Time % Phy DF OF
1 Nicklas Backstrom Andrei Svechnikov Kirby Dach 40 1 2 2
2 Seth Jarvis Dominik Kubalik Alexander Radulov 30 1 2 2
3 Peyton Krebs Tyler Gaudet Ryan Reaves 20 1 2 2
4 Cooper Marody Vitaly Kravtsov Andrei Svechnikov 10 1 2 2
5 vs 5 Defense
Defense Defense Time % Phy DF OF
1 Noah Dobson K'Andre Miller 40 1 2 2
2 Mike Matheson Erik Brannstrom 30 1 2 2
3 Jakub Zboril Matt Tennyson 20 1 2 2
4 Noah Dobson K'Andre Miller 10 1 2 2
PowerPlay Forward
Center Left Wing Right Wing Time % Phy DF OF
1 Nicklas Backstrom Andrei Svechnikov Kirby Dach 60 1 2 2
2 Seth Jarvis Dominik Kubalik Alexander Radulov 40 1 2 2
PowerPlay Defense
Defense Defense Time % Phy DF OF
1 Noah Dobson K'Andre Miller 60 1 2 2
2 Mike Matheson Erik Brannstrom 40 1 2 2
Penalty Kill 4 Players Forward
Center Wing Time % Phy DF OF
1 Andrei Svechnikov Nicklas Backstrom 60 1 2 2
2 Kirby Dach Dominik Kubalik 40 1 2 2
Penalty Kill 4 Players Defense
Defense Defense Time % Phy DF OF
1 Noah Dobson K'Andre Miller 60 1 2 2
2 Mike Matheson Erik Brannstrom 40 1 2 2
Penalty Kill - 3 Players Forward
Forward Time % Phy DF OF
1 Andrei Svechnikov 60 1 2 2
2 Nicklas Backstrom 40 1 2 2
Penalty Kill - 3 Players Defense
Defense Defense Time % Phy DF OF
1 Noah Dobson K'Andre Miller 60 1 2 2
2 Mike Matheson Erik Brannstrom 40 1 2 2
4 vs 4 Forward
Center Wing Time % Phy DF OF
1 Andrei Svechnikov Nicklas Backstrom 60 1 2 2
2 Kirby Dach Dominik Kubalik 40 1 2 2
4 vs 4 Defense
Defense Defense Time % Phy DF OF
1 Noah Dobson K'Andre Miller 60 1 2 2
2 Mike Matheson Erik Brannstrom 40 1 2 2
Last Minutes Offensive
Center Left Wing Right Wing Defense Defense
Nicklas Backstrom Andrei Svechnikov Kirby Dach Noah Dobson K'Andre Miller
Last Minutes Defensive
Center Left Wing Right Wing Defense Defense
Nicklas Backstrom Andrei Svechnikov Kirby Dach Noah Dobson K'Andre Miller
Goaltenders
Starting : John Gibson
Backup : Aaron Dell
Extra Forwards
Normal : Evan Polei, Peyton Krebs, Ryan Reaves - PP : Evan Polei, Peyton Krebs - PK : Ryan Reaves
Extra Defensemen
Normal : Jakub Zboril, Matt Tennyson, Mike Matheson - PP : Jakub Zboril - PK : Matt Tennyson, Mike Matheson
Penalty Shots
Andrei Svechnikov, Nicklas Backstrom, Kirby Dach, Dominik Kubalik, Alexander Radulov
Colorado Rockies
5 vs 5 Forward
Center Left Wing Right Wing Time % Phy DF OF
1 Ryan O'Reilly Kyle Connor Nikita Kucherov 40 1 2 2
2 Evgeny Kuznetsov Tim Stutzle David Pastrnak 30 1 2 2
3 Kevin Hayes Jesper Bratt Nick Schmaltz 20 1 2 2
4 Nick Bonino Jakub Vrana Dylan Strome 10 1 2 2
5 vs 5 Defense
Defense Defense Time % Phy DF OF
1 Victor Hedman Zach Werenski 40 1 2 2
2 Roman Josi Quinn Hughes 30 1 2 2
3 Shea Theodore Martin Fehervary 20 1 2 2
4 Victor Hedman Roman Josi 10 1 2 2
PowerPlay Forward
Center Left Wing Right Wing Time % Phy DF OF
1 Evgeny Kuznetsov Kyle Connor Nikita Kucherov 60 1 2 2
2 Ryan O'Reilly Nick Schmaltz David Pastrnak 40 1 2 2
PowerPlay Defense
Defense Defense Time % Phy DF OF
1 Victor Hedman Roman Josi 60 1 2 2
2 Zach Werenski Quinn Hughes 40 1 2 2
Penalty Kill 4 Players Forward
Center Wing Time % Phy DF OF
1 Ryan O'Reilly Kevin Hayes 60 1 2 2
2 Nick Bonino Kyle Connor 40 1 2 2
Penalty Kill 4 Players Defense
Defense Defense Time % Phy DF OF
1 Victor Hedman Roman Josi 60 1 2 2
2 Zach Werenski Martin Fehervary 40 1 2 2
Penalty Kill - 3 Players Forward
Forward Time % Phy DF OF
1 Kevin Hayes 60 1 2 2
2 Ryan O'Reilly 40 1 2 2
Penalty Kill - 3 Players Defense
Defense Defense Time % Phy DF OF
1 Victor Hedman Roman Josi 60 1 2 2
2 Zach Werenski Martin Fehervary 40 1 2 2
4 vs 4 Forward
Center Wing Time % Phy DF OF
1 Ryan O'Reilly Kyle Connor 60 1 2 2
2 Evgeny Kuznetsov Nikita Kucherov 40 1 2 2
4 vs 4 Defense
Defense Defense Time % Phy DF OF
1 Victor Hedman Roman Josi 60 1 2 2
2 Zach Werenski Quinn Hughes 40 1 2 2
Last Minutes Offensive
Center Left Wing Right Wing Defense Defense
Evgeny Kuznetsov Kyle Connor Nikita Kucherov Victor Hedman Roman Josi
Last Minutes Defensive
Center Left Wing Right Wing Defense Defense
Evgeny Kuznetsov Kyle Connor Nikita Kucherov Victor Hedman Roman Josi
Goaltenders
Starting : Andrei Vasilevskiy
Backup : Ilya Samsonov
Extra Forwards
Normal : Jesper Bratt, Tim Stutzle, Kevin Hayes - PP : Jesper Bratt, Tim Stutzle - PK : Kevin Hayes
Extra Defensemen
Normal : Shea Theodore, Martin Fehervary, Zach Werenski - PP : Shea Theodore - PK : Martin Fehervary, Zach Werenski
Penalty Shots
Kevin Hayes, Evgeny Kuznetsov, Tim Stutzle, Shea Theodore, Jesper Bratt
% Time on Ice - Los Angeles Kings
Lines # - Real PCT - Wanted PCT - Time Play
Normal Forward
1 - 29% - 40% - 13:33
2 - 29% - 30% - 13:31
3 - 26% - 20% - 12:20
4 - 16% - 10% - 7:23
Normal Defense
1 - 38% - 40% - 17:56
2 - 33% - 30% - 15:19
3 - 25% - 20% - 11:30
4 - 4% - 10% - 2:02
PP Forward
1 - 46% - 60% - 0:55
2 - 54% - 40% - 1:04
PP Defense
1 - 53% - 60% - 1:03
2 - 47% - 40% - 0:56
PK Forward
1 - 74% - 60% - 7:29
2 - 26% - 40% - 2:34
PK Defense
1 - 60% - 60% - 6:00
2 - 40% - 40% - 4:03
PK3 Forward
1 - 0% - 60%
2 - 0% - 40%
PK3 Defense
1 - 0% - 60%
2 - 0% - 40%
44 Forward
1 - 0% - 60%
2 - 0% - 40%
44 Defense
1 - 0% - 60%
2 - 0% - 40%
Last Minute Offensive - 0:00
Last Minute Defensive - 1:11
Total
Forward - 60:00
Defense - 60:00
|
% Time on Ice - Colorado Rockies
Lines # - Real PCT - Wanted PCT - Time Play
Normal Forward
1 - 30% - 40% - 14:16
2 - 28% - 30% - 13:12
3 - 21% - 20% - 9:52
4 - 20% - 10% - 9:28
Normal Defense
1 - 39% - 40% - 18:12
2 - 28% - 30% - 12:53
3 - 26% - 20% - 12:10
4 - 8% - 10% - 3:33
PP Forward
1 - 47% - 60% - 4:44
2 - 53% - 40% - 5:19
PP Defense
1 - 54% - 60% - 5:25
2 - 46% - 40% - 4:38
PK Forward
1 - 75% - 60% - 1:29
2 - 25% - 40% - 0:30
PK Defense
1 - 100% - 60% - 1:59
2 - 0% - 40% - 0:00
PK3 Forward
1 - 0% - 60%
2 - 0% - 40%
PK3 Defense
1 - 0% - 60%
2 - 0% - 40%
44 Forward
1 - 0% - 60%
2 - 0% - 40%
44 Defense
1 - 0% - 60%
2 - 0% - 40%
Last Minute Offensive - 1:10
Last Minute Defensive - 0:00
Total
Forward - 60:00
Defense - 60:00
|
Play-by-Play
1st period
0:01 of 1st period - Ryan O'Reilly wins face-off versus Kirby Dach in neutral zone.
0:12 of 1st period - Slapshot by Kyle Connor.
0:12 of 1st period - Shot Misses the Net.
0:26 of 1st period - Tim Stutzle is hit by K'Andre Miller and loses puck.
0:43 of 1st period - Erik Brannstrom is hit by Victor Hedman and loses puck.
0:58 of 1st period - Off-side.
0:59 of 1st period - Kevin Hayes wins face-off versus Peyton Krebs in neutral zone.
1:02 of 1st period - Snap shot by Jesper Bratt.
1:02 of 1st period - Stopped by John Gibson without a rebound.
1:03 of 1st period - Nick Schmaltz wins face-off versus Peyton Krebs in Los Angeles Kings zone.
1:06 of 1st period - Wrist shot by Jesper Bratt.
1:06 of 1st period - Deflect By Nick Schmaltz.
1:06 of 1st period - Stopped by John Gibson with a rebound.
1:08 of 1st period - Slapshot by Roman Josi.
1:08 of 1st period - Stopped by John Gibson with a rebound.
1:18 of 1st period - Wrist shot by Jesper Bratt.
1:18 of 1st period - Shot Misses the Net.
1:20 of 1st period - Slapshot by Roman Josi.
1:20 of 1st period - Shot Misses the Net.
1:56 of 1st period - Slapshot by Jakub Vrana.
1:56 of 1st period - Shot Misses the Net.
2:16 of 1st period - Snap shot by Cooper Marody.
2:16 of 1st period - Stopped by Andrei Vasilevskiy without a rebound.
2:17 of 1st period - Ryan O'Reilly wins face-off versus Peyton Krebs in Colorado Rockies zone.
2:50 of 1st period - Off-side.
2:51 of 1st period - Ryan O'Reilly wins face-off versus Alexander Radulov in neutral zone.
3:16 of 1st period - Andrei Svechnikov is hit by Tim Stutzle and loses puck.
4:34 of 1st period - Slapshot by Peyton Krebs.
4:34 of 1st period - Shot Misses the Net.
5:02 of 1st period - Slapshot by Dylan Strome.
5:02 of 1st period - Shot Misses the Net.
5:14 of 1st period - Wrist shot by Jakub Vrana.
5:14 of 1st period - Shot Misses the Net.
5:19 of 1st period - Off-side.
5:20 of 1st period - Ryan O'Reilly wins face-off versus Nicklas Backstrom in neutral zone.
5:33 of 1st period - Snap shot by Nikita Kucherov.
5:33 of 1st period - Stopped by John Gibson with a rebound.
5:35 of 1st period - Slapshot by Roman Josi.
5:35 of 1st period - Shot Blocked by Erik Brannstrom.
5:37 of 1st period - Snap shot by Kyle Connor.
5:37 of 1st period - Stopped by John Gibson with a rebound.
6:11 of 1st period - Snap shot by David Pastrnak.
6:11 of 1st period - Shot Misses the Net.
6:21 of 1st period - Snap shot by Evgeny Kuznetsov.
6:21 of 1st period - Shot Blocked by Mike Matheson.
6:38 of 1st period - Wrist shot by Nikita Kucherov.
6:38 of 1st period - Stopped by John Gibson with a rebound.
6:44 of 1st period - Ryan O'Reilly is hit by Evan Polei and loses puck.
6:55 of 1st period - Alexander Radulov is hit by Kevin Hayes and loses puck.
7:30 of 1st period - Minor Penalty to Evan Polei for Hooking.
7:31 of 1st period - Evgeny Kuznetsov wins face-off versus Andrei Svechnikov in Los Angeles Kings zone.
7:36 of 1st period - Slapshot by Nikita Kucherov.
7:36 of 1st period - Shot Blocked by K'Andre Miller.
7:38 of 1st period - Wrist shot by Nikita Kucherov.
7:38 of 1st period - Goal by Nikita Kucherov - Los Angeles Kings : 0 - Colorado Rockies : 1.
7:39 of 1st period - Ryan O'Reilly wins face-off versus Nicklas Backstrom in neutral zone.
7:42 of 1st period - K'Andre Miller is hit by Quinn Hughes and loses puck.
8:05 of 1st period - Dominik Kubalik is hit by Tim Stutzle and loses puck.
8:14 of 1st period - Snap shot by David Pastrnak.
8:14 of 1st period - Shot Misses the Net.
8:32 of 1st period - Snap shot by Jesper Bratt.
8:32 of 1st period - Stopped by John Gibson with a rebound.
8:34 of 1st period - Wrist shot by Jesper Bratt.
8:34 of 1st period - Stopped by John Gibson without a rebound.
8:35 of 1st period - Nicklas Backstrom wins face-off versus Kyle Connor in Los Angeles Kings zone.
9:11 of 1st period - Wrist shot by Kyle Connor.
9:11 of 1st period - Deflect By Ryan O'Reilly.
9:11 of 1st period - Stopped by John Gibson without a rebound.
9:12 of 1st period - Nicklas Backstrom wins face-off versus Evgeny Kuznetsov in Los Angeles Kings zone.
9:12 of 1st period - Nicklas Backstrom is hit by David Pastrnak.
9:18 of 1st period - Snap shot by Andrei Svechnikov.
9:18 of 1st period - Shot Misses the Net.
9:20 of 1st period - Slapshot by Nicklas Backstrom.
9:20 of 1st period - Shot Misses the Net.
9:22 of 1st period - Snap shot by Noah Dobson.
9:22 of 1st period - Stopped by Andrei Vasilevskiy with a rebound.
9:48 of 1st period - Snap shot by Jesper Bratt.
9:48 of 1st period - Stopped by John Gibson with a rebound.
10:10 of 1st period - Kyle Connor is hit by Alexander Radulov and loses puck.
10:25 of 1st period - Snap shot by Andrei Svechnikov.
10:25 of 1st period - Shot Blocked by Dylan Strome.
10:27 of 1st period - Snap shot by Andrei Svechnikov.
10:27 of 1st period - Shot Misses the Net.
10:29 of 1st period - Backhand shot by K'Andre Miller.
10:29 of 1st period - Stopped by Andrei Vasilevskiy with a rebound.
10:43 of 1st period - Snap shot by Tim Stutzle.
10:43 of 1st period - Shot Misses the Net.
10:45 of 1st period - Minor Penalty to Peyton Krebs for Roughing.
10:46 of 1st period - Andrei Svechnikov wins face-off versus Evgeny Kuznetsov in Los Angeles Kings zone.
11:14 of 1st period - Icing by Nick Schmaltz.
11:15 of 1st period - Ryan O'Reilly wins face-off versus Andrei Svechnikov in Colorado Rockies zone.
12:08 of 1st period - Snap shot by Nick Schmaltz.
12:08 of 1st period - Stopped by John Gibson with a rebound.
12:10 of 1st period - Slapshot by Quinn Hughes.
12:10 of 1st period - Shot Misses the Net.
12:12 of 1st period - Slapshot by Zach Werenski.
12:12 of 1st period - Shot Misses the Net.
12:18 of 1st period - Snap shot by Nick Schmaltz.
12:18 of 1st period - Stopped by John Gibson with a rebound.
12:20 of 1st period - Snap shot by David Pastrnak.
12:20 of 1st period - Stopped by John Gibson with a rebound.
12:45 of 1st period - Penalty to Peyton Krebs is over, Peyton Krebs is back on ice.
12:45 of 1st period - Slapshot by David Pastrnak.
12:45 of 1st period - Stopped by John Gibson with a rebound.
12:53 of 1st period - Wrist shot by Ryan O'Reilly.
12:53 of 1st period - Stopped by John Gibson with a rebound.
12:55 of 1st period - Slapshot by Ryan O'Reilly.
12:55 of 1st period - Stopped by John Gibson without a rebound.
12:56 of 1st period - Nick Bonino wins face-off versus Seth Jarvis in Los Angeles Kings zone.
13:22 of 1st period - Roman Josi is hit by K'Andre Miller.
14:16 of 1st period - Slapshot by Seth Jarvis.
14:16 of 1st period - Shot Misses the Net.
14:18 of 1st period - Snap shot by Seth Jarvis.
14:18 of 1st period - Shot Misses the Net.
14:32 of 1st period - Vitaly Kravtsov is hit by Roman Josi.
16:06 of 1st period - Jakub Zboril is hit by Martin Fehervary and loses puck.
16:12 of 1st period - Icing by Andrei Svechnikov.
16:13 of 1st period - Nick Bonino wins face-off versus Cooper Marody in Los Angeles Kings zone.
16:32 of 1st period - Snap shot by Peyton Krebs.
16:32 of 1st period - Deflect By Tyler Gaudet.
16:32 of 1st period - Shot Misses the Net.
16:32 of 1st period - Puck is out of play.
16:33 of 1st period - Evgeny Kuznetsov wins face-off versus Peyton Krebs in Colorado Rockies zone.
17:07 of 1st period - Wrist shot by Nikita Kucherov.
17:07 of 1st period - Shot Misses the Net.
17:21 of 1st period - Snap shot by Nicklas Backstrom.
17:21 of 1st period - Stopped by Andrei Vasilevskiy without a rebound.
17:22 of 1st period - Kevin Hayes wins face-off versus Nicklas Backstrom in Colorado Rockies zone.
17:37 of 1st period - Slapshot by Nick Schmaltz.
17:37 of 1st period - Shot Misses the Net.
17:39 of 1st period - Wrist shot by Jesper Bratt.
17:39 of 1st period - Shot Misses the Net.
17:59 of 1st period - Wrist shot by Alexander Radulov.
17:59 of 1st period - Stopped by Andrei Vasilevskiy with a rebound.
18:13 of 1st period - Mike Matheson is hit by Kyle Connor and loses puck.
18:24 of 1st period - Snap shot by Peyton Krebs.
18:24 of 1st period - Shot Misses the Net.
18:36 of 1st period - Zach Werenski is hit by Noah Dobson and loses puck.
18:55 of 1st period - Wrist shot by Nick Schmaltz.
18:55 of 1st period - Stopped by John Gibson with a rebound.
19:13 of 1st period - Snap shot by Jakub Vrana.
19:13 of 1st period - Stopped by John Gibson with a rebound.
19:34 of 1st period - Slapshot by Roman Josi.
19:34 of 1st period - Stopped by John Gibson without a rebound.
19:35 of 1st period - Evgeny Kuznetsov wins face-off versus Nicklas Backstrom in Los Angeles Kings zone.
19:40 of 1st period - Wrist shot by David Pastrnak.
19:40 of 1st period - Shot Blocked by Kirby Dach.
Goals for this period are 0 for Los Angeles Kings vs 1 for Colorado Rockies.
Shots for this period are 5 for Los Angeles Kings vs 20 for Colorado Rockies.
2nd period
0:01 of 2nd period - Ryan O'Reilly wins face-off versus Nicklas Backstrom in neutral zone.
0:12 of 2nd period - Snap shot by Nicklas Backstrom.
0:12 of 2nd period - Shot Misses the Net.
0:14 of 2nd period - Snap shot by Nicklas Backstrom.
0:14 of 2nd period - Deflect By Kyle Connor.
0:14 of 2nd period - Stopped by Andrei Vasilevskiy with a rebound.
0:16 of 2nd period - Slapshot by Andrei Svechnikov.
0:16 of 2nd period - Stopped by Andrei Vasilevskiy with a rebound.
0:26 of 2nd period - Noah Dobson is hit by Evgeny Kuznetsov and loses puck.
0:42 of 2nd period - Icing by Quinn Hughes.
0:43 of 2nd period - Peyton Krebs wins face-off versus Evgeny Kuznetsov in Colorado Rockies zone.
0:52 of 2nd period - Tim Stutzle is hit by Kirby Dach and loses puck.
1:17 of 2nd period - Snap shot by Seth Jarvis.
1:17 of 2nd period - Shot Blocked by Quinn Hughes.
1:19 of 2nd period - Snap shot by Dominik Kubalik.
1:19 of 2nd period - Shot Misses the Net.
1:35 of 2nd period - Snap shot by Noah Dobson.
1:35 of 2nd period - Stopped by Andrei Vasilevskiy without a rebound.
1:36 of 2nd period - Ryan O'Reilly wins face-off versus Nicklas Backstrom in Colorado Rockies zone.
1:43 of 2nd period - Snap shot by Nicklas Backstrom.
1:43 of 2nd period - Stopped by Andrei Vasilevskiy with a rebound.
1:45 of 2nd period - Snap shot by Nicklas Backstrom.
1:45 of 2nd period - Shot Misses the Net.
1:47 of 2nd period - Snap shot by Nicklas Backstrom.
1:47 of 2nd period - Stopped by Andrei Vasilevskiy with a rebound.
1:49 of 2nd period - Slapshot by K'Andre Miller.
1:49 of 2nd period - Shot Misses the Net.
1:51 of 2nd period - Slapshot by Nicklas Backstrom.
1:51 of 2nd period - Deflect By Kirby Dach.
1:51 of 2nd period - Shot Misses the Net.
1:51 of 2nd period - Puck is out of play.
1:52 of 2nd period - Evgeny Kuznetsov wins face-off versus Seth Jarvis in Colorado Rockies zone.
1:59 of 2nd period - Snap shot by David Pastrnak.
1:59 of 2nd period - Stopped by John Gibson without a rebound.
2:00 of 2nd period - Evgeny Kuznetsov wins face-off versus Seth Jarvis in Los Angeles Kings zone.
2:37 of 2nd period - Snap shot by Evgeny Kuznetsov.
2:37 of 2nd period - Stopped by John Gibson without a rebound.
2:38 of 2nd period - Ryan O'Reilly wins face-off versus Nicklas Backstrom in Los Angeles Kings zone.
3:07 of 2nd period - Minor Penalty to Roman Josi for Slashing.
3:08 of 2nd period - Ryan O'Reilly wins face-off versus Nicklas Backstrom in Colorado Rockies zone.
4:17 of 2nd period - Off-side.
4:18 of 2nd period - Nicklas Backstrom wins face-off versus Tim Stutzle in neutral zone.
4:43 of 2nd period - Martin Fehervary is hit by K'Andre Miller and loses puck.
5:00 of 2nd period - Nick Bonino is hit by Alexander Radulov.
5:07 of 2nd period - Penalty to Roman Josi is over, Roman Josi is back on ice.
5:23 of 2nd period - Slapshot by Dylan Strome.
5:23 of 2nd period - Shot Blocked by Erik Brannstrom.
5:25 of 2nd period - Snap shot by Quinn Hughes.
5:25 of 2nd period - Deflect By Ryan Reaves.
5:25 of 2nd period - Stopped by John Gibson with a rebound.
5:35 of 2nd period - Snap shot by Andrei Svechnikov.
5:35 of 2nd period - Shot Misses the Net.
5:45 of 2nd period - Vitaly Kravtsov is hit by Quinn Hughes and loses puck.
5:58 of 2nd period - Kyle Connor is hit by Andrei Svechnikov and loses puck.
6:10 of 2nd period - Minor Penalty to Tyler Gaudet for Hooking.
6:11 of 2nd period - Evgeny Kuznetsov wins face-off versus Andrei Svechnikov in Los Angeles Kings zone.
6:47 of 2nd period - Off-side.
6:48 of 2nd period - Ryan O'Reilly wins face-off versus Kirby Dach in neutral zone.
7:03 of 2nd period - Backhand shot by David Pastrnak.
7:03 of 2nd period - Shot Misses the Net.
8:10 of 2nd period - Penalty to Tyler Gaudet is over, Tyler Gaudet is back on ice.
10:07 of 2nd period - Victor Hedman is hit by Cooper Marody and loses puck.
10:55 of 2nd period - Snap shot by Cooper Marody.
10:55 of 2nd period - Stopped by Andrei Vasilevskiy with a rebound.
10:57 of 2nd period - Snap shot by Vitaly Kravtsov.
10:57 of 2nd period - Shot Misses the Net.
10:59 of 2nd period - Snap shot by Vitaly Kravtsov.
10:59 of 2nd period - Stopped by Andrei Vasilevskiy with a rebound.
11:09 of 2nd period - Snap shot by Nick Schmaltz.
11:09 of 2nd period - Stopped by John Gibson with a rebound.
11:55 of 2nd period - Snap shot by Alexander Radulov.
11:55 of 2nd period - Shot Misses the Net.
12:46 of 2nd period - Wrist shot by Kirby Dach.
12:46 of 2nd period - Shot Misses the Net.
12:48 of 2nd period - Slapshot by Erik Brannstrom.
12:48 of 2nd period - Shot Blocked by Quinn Hughes.
12:50 of 2nd period - Snap shot by Erik Brannstrom.
12:50 of 2nd period - Stopped by Andrei Vasilevskiy with a rebound.
13:11 of 2nd period - Victor Hedman is hit by Tyler Gaudet and loses puck.
13:18 of 2nd period - Ryan Reaves is hit by Kyle Connor and loses puck.
14:03 of 2nd period - Minor Penalty to K'Andre Miller for Interference.
14:04 of 2nd period - Evgeny Kuznetsov wins face-off versus Andrei Svechnikov in Los Angeles Kings zone.
16:03 of 2nd period - Penalty to K'Andre Miller is over, K'Andre Miller is back on ice.
16:08 of 2nd period - Roman Josi is hit by Noah Dobson.
16:12 of 2nd period - K'Andre Miller is hit by Kyle Connor and loses puck.
16:25 of 2nd period - Jakub Vrana is hit by Ryan Reaves and loses puck.
16:30 of 2nd period - Snap shot by Peyton Krebs.
16:30 of 2nd period - Shot Blocked by Shea Theodore.
16:57 of 2nd period - Jesper Bratt is hit by Ryan Reaves and loses puck.
17:33 of 2nd period - Nikita Kucherov is hit by Dominik Kubalik and loses puck.
18:03 of 2nd period - Nick Schmaltz is hit by Peyton Krebs and loses puck.
18:16 of 2nd period - Snap shot by Jakub Vrana.
18:16 of 2nd period - Stopped by John Gibson without a rebound.
18:17 of 2nd period - Cooper Marody wins face-off versus Nick Bonino in Los Angeles Kings zone.
18:42 of 2nd period - Victor Hedman is hit by Andrei Svechnikov and loses puck.
19:01 of 2nd period - Snap shot by Alexander Radulov.
19:01 of 2nd period - Shot Blocked by Tim Stutzle.
19:11 of 2nd period - Snap shot by David Pastrnak.
19:11 of 2nd period - Shot Misses the Net.
19:47 of 2nd period - Wrist shot by Andrei Svechnikov.
19:47 of 2nd period - Deflect By Nicklas Backstrom.
19:47 of 2nd period - Stopped by Andrei Vasilevskiy without a rebound.
19:48 of 2nd period - Ryan O'Reilly wins face-off versus Nicklas Backstrom in Colorado Rockies zone.
Goals for this period are 0 for Los Angeles Kings vs 0 for Colorado Rockies.
Shots for this period are 9 for Los Angeles Kings vs 5 for Colorado Rockies.
3rd period
0:01 of 3rd period - Ryan O'Reilly wins face-off versus Nicklas Backstrom in neutral zone.
0:03 of 3rd period - Kyle Connor is hit by Kirby Dach and loses puck.
0:13 of 3rd period - Noah Dobson is hit by Victor Hedman and loses puck.
0:26 of 3rd period - Victor Hedman is hit by Noah Dobson and loses puck.
0:44 of 3rd period - Icing by Dominik Kubalik.
0:45 of 3rd period - Kevin Hayes wins face-off versus Seth Jarvis in Los Angeles Kings zone.
0:48 of 3rd period - Wrist shot by Nikita Kucherov.
0:48 of 3rd period - Stopped by John Gibson with a rebound.
0:56 of 3rd period - Slapshot by Noah Dobson.
0:56 of 3rd period - Deflect By Nikita Kucherov.
0:56 of 3rd period - Stopped by Andrei Vasilevskiy without a rebound.
0:57 of 3rd period - Ryan O'Reilly wins face-off versus Nicklas Backstrom in Colorado Rockies zone.
1:23 of 3rd period - Evgeny Kuznetsov is hit by Seth Jarvis and loses puck.
1:28 of 3rd period - Backhand shot by Dominik Kubalik.
1:28 of 3rd period - Stopped by Andrei Vasilevskiy with a rebound.
1:30 of 3rd period - Wrist shot by Alexander Radulov.
1:30 of 3rd period - Stopped by Andrei Vasilevskiy with a rebound.
1:32 of 3rd period - Backhand shot by Matt Tennyson.
1:32 of 3rd period - Stopped by Andrei Vasilevskiy with a rebound.
2:16 of 3rd period - Off-side.
2:17 of 3rd period - Cooper Marody wins face-off versus Ryan O'Reilly in neutral zone.
2:20 of 3rd period - Slapshot by Noah Dobson.
2:20 of 3rd period - Stopped by Andrei Vasilevskiy without a rebound.
2:21 of 3rd period - Cooper Marody wins face-off versus Ryan O'Reilly in Colorado Rockies zone.
3:31 of 3rd period - Off-side.
3:32 of 3rd period - Ryan O'Reilly wins face-off versus Ryan Reaves in neutral zone.
3:41 of 3rd period - Wrist shot by Nikita Kucherov.
3:41 of 3rd period - Stopped by John Gibson with a rebound.
3:47 of 3rd period - Snap shot by Ryan O'Reilly.
3:47 of 3rd period - Stopped by John Gibson without a rebound.
3:48 of 3rd period - Nicklas Backstrom wins face-off versus Evgeny Kuznetsov in Los Angeles Kings zone.
3:57 of 3rd period - Slapshot by David Pastrnak.
3:57 of 3rd period - Stopped by John Gibson without a rebound.
3:58 of 3rd period - Nicklas Backstrom wins face-off versus Evgeny Kuznetsov in Los Angeles Kings zone.
4:03 of 3rd period - Snap shot by Andrei Svechnikov.
4:03 of 3rd period - Stopped by Andrei Vasilevskiy with a rebound.
4:05 of 3rd period - Snap shot by Kirby Dach.
4:05 of 3rd period - Shot Misses the Net.
4:07 of 3rd period - Wrist shot by Kirby Dach.
4:07 of 3rd period - Stopped by Andrei Vasilevskiy with a rebound.
4:09 of 3rd period - Slapshot by Kirby Dach.
4:09 of 3rd period - Goal by Kirby Dach - Los Angeles Kings : 1 - Colorado Rockies : 1.
4:10 of 3rd period - Nicklas Backstrom wins face-off versus Ryan O'Reilly in neutral zone.
4:37 of 3rd period - Victor Hedman is hit by Noah Dobson and loses puck.
4:50 of 3rd period - Snap shot by Seth Jarvis.
4:50 of 3rd period - Shot Blocked by Zach Werenski.
5:02 of 3rd period - Wrist shot by Jesper Bratt.
5:02 of 3rd period - Shot Misses the Net.
5:26 of 3rd period - Snap shot by Nikita Kucherov.
5:26 of 3rd period - Stopped by John Gibson with a rebound.
5:28 of 3rd period - Wrist shot by Victor Hedman.
5:28 of 3rd period - Shot Misses the Net.
5:30 of 3rd period - Slapshot by Victor Hedman.
5:30 of 3rd period - Stopped by John Gibson with a rebound.
5:38 of 3rd period - Minor Penalty to Matt Tennyson for Tripping.
5:39 of 3rd period - Evgeny Kuznetsov wins face-off versus Andrei Svechnikov in Los Angeles Kings zone.
5:40 of 3rd period - Snap shot by Nikita Kucherov.
5:40 of 3rd period - Stopped by John Gibson with a rebound.
5:42 of 3rd period - Wrist shot by Shea Theodore.
5:42 of 3rd period - Deflect By Kyle Connor.
5:42 of 3rd period - Stopped by John Gibson without a rebound.
5:43 of 3rd period - Evgeny Kuznetsov wins face-off versus Andrei Svechnikov in Los Angeles Kings zone.
5:50 of 3rd period - Wrist shot by Nikita Kucherov.
5:50 of 3rd period - Stopped by John Gibson with a rebound.
6:29 of 3rd period - Erik Brannstrom is hit by Nick Schmaltz and loses puck.
7:38 of 3rd period - Penalty to Matt Tennyson is over, Matt Tennyson is back on ice.
7:59 of 3rd period - Snap shot by Dylan Strome.
7:59 of 3rd period - Shot Misses the Net.
8:11 of 3rd period - Slapshot by Cooper Marody.
8:11 of 3rd period - Shot Blocked by Shea Theodore.
8:46 of 3rd period - Snap shot by Peyton Krebs.
8:46 of 3rd period - Stopped by Andrei Vasilevskiy with a rebound.
9:18 of 3rd period - Wrist shot by Alexander Radulov.
9:18 of 3rd period - Stopped by Andrei Vasilevskiy with a rebound.
9:40 of 3rd period - Martin Fehervary is hit by Seth Jarvis and loses puck.
10:06 of 3rd period - Jakub Zboril is hit by David Pastrnak and loses puck.
11:01 of 3rd period - Roman Josi is hit by Nicklas Backstrom and loses puck.
11:12 of 3rd period - Kyle Connor is hit by Andrei Svechnikov.
11:46 of 3rd period - Zach Werenski is hit by Nicklas Backstrom.
11:50 of 3rd period - Snap shot by Evgeny Kuznetsov.
11:50 of 3rd period - Stopped by John Gibson with a rebound.
12:12 of 3rd period - Jakub Zboril is hit by Nikita Kucherov and loses puck.
12:37 of 3rd period - Wrist shot by Jesper Bratt.
12:37 of 3rd period - Stopped by John Gibson with a rebound.
12:39 of 3rd period - Snap shot by Martin Fehervary.
12:39 of 3rd period - Shot Blocked by Dominik Kubalik.
12:41 of 3rd period - Slapshot by Martin Fehervary.
12:41 of 3rd period - Stopped by John Gibson without a rebound.
12:42 of 3rd period - Nicklas Backstrom wins face-off versus Ryan O'Reilly in Los Angeles Kings zone.
12:51 of 3rd period - Slapshot by Andrei Svechnikov.
12:51 of 3rd period - Stopped by Andrei Vasilevskiy with a rebound.
13:03 of 3rd period - Noah Dobson is hit by Evgeny Kuznetsov and loses puck.
13:28 of 3rd period - Slapshot by Jakub Vrana.
13:28 of 3rd period - Stopped by John Gibson with a rebound.
13:30 of 3rd period - Wrist shot by Jakub Vrana.
13:30 of 3rd period - Stopped by John Gibson without a rebound.
13:31 of 3rd period - Dylan Strome wins face-off versus Nicklas Backstrom in Los Angeles Kings zone.
13:32 of 3rd period - Slapshot by Victor Hedman.
13:32 of 3rd period - Stopped by John Gibson with a rebound.
13:59 of 3rd period - Minor Penalty to Alexander Radulov for Slashing.
14:00 of 3rd period - Evgeny Kuznetsov wins face-off versus Andrei Svechnikov in Los Angeles Kings zone.
14:28 of 3rd period - K'Andre Miller is hit by David Pastrnak and loses puck.
14:33 of 3rd period - Snap shot by David Pastrnak.
14:33 of 3rd period - Stopped by John Gibson with a rebound.
14:35 of 3rd period - Snap shot by Nick Schmaltz.
14:35 of 3rd period - Shot Blocked by K'Andre Miller.
14:37 of 3rd period - Snap shot by David Pastrnak.
14:37 of 3rd period - Shot Blocked by Noah Dobson.
15:59 of 3rd period - Penalty to Alexander Radulov is over, Alexander Radulov is back on ice.
16:11 of 3rd period - Slapshot by Tim Stutzle.
16:11 of 3rd period - Stopped by John Gibson with a rebound.
16:13 of 3rd period - Wrist shot by Shea Theodore.
16:13 of 3rd period - Shot Blocked by Noah Dobson.
16:15 of 3rd period - Slapshot by Martin Fehervary.
16:15 of 3rd period - Stopped by John Gibson without a rebound.
16:16 of 3rd period - Seth Jarvis wins face-off versus Jesper Bratt in Los Angeles Kings zone.
16:23 of 3rd period - Snap shot by Alexander Radulov.
16:23 of 3rd period - Shot Misses the Net.
16:25 of 3rd period - Wrist shot by Seth Jarvis.
16:25 of 3rd period - Goal by Seth Jarvis - Los Angeles Kings : 2 - Colorado Rockies : 1.
16:26 of 3rd period - Kevin Hayes wins face-off versus Nicklas Backstrom in neutral zone.
16:55 of 3rd period - Nikita Kucherov is hit by Dominik Kubalik and loses puck.
17:28 of 3rd period - Peyton Krebs is hit by Victor Hedman and loses puck.
17:55 of 3rd period - Mike Matheson is hit by Nick Schmaltz and loses puck.
18:30 of 3rd period - Alexander Radulov is hit by Kyle Connor and loses puck.
18:45 of 3rd period - Backhand shot by Andrei Svechnikov.
18:45 of 3rd period - Stopped by Andrei Vasilevskiy with a rebound.
19:17 of 3rd period - Colorado Rockies, Andrei Vasilevskiy is pulled from the net.
19:29 of 3rd period - Evgeny Kuznetsov is hit by Andrei Svechnikov and loses puck.
19:57 of 3rd period - Snap shot by Evgeny Kuznetsov.
19:57 of 3rd period - Shot Blocked by K'Andre Miller.
Goals for this period are 2 for Los Angeles Kings vs 0 for Colorado Rockies.
Shots for this period are 13 for Los Angeles Kings vs 18 for Colorado Rockies.
Back to the Top